 Dungeon Crawl Stone Soup version 0.31-a0-986-g5e6e4ef867 (webtiles) character file.

Game seed: 17335730309353583082

13 wildpjah the Shooter (level 2, 25/25 HPs)
             Began as a Hill Orc Hunter on Nov 12, 2023.
             Got out of the dungeon alive.
             The game lasted 00:01:17 (246 turns).

wildpjah the Shooter (Hill Orc Hunter)               Turns: 246, Time: 00:01:18

Health: 25/25      AC:  3    Str: 13    XL:     2   Next: 37%
Magic:  2/2        EV: 11    Int:  9    God:
Gold:   19         SH:  0    Dex: 14    Spells: 1/1 levels left

rFire   . . .        a - +0 shortbow
rCold   . . .        (shield currently unavailable)
rNeg    . . .        c - +0 leather armour
rPois   .            (no helmet)
rElec   .            (no cloak)
rCorr   .            (no gloves)
SInv    .            (no boots)
Will    .....        (no amulet)
Stlth   +            (no ring)
HPRegen 0.24/turn    (no ring)
MPRegen 0.08/turn

%: no passive effects
@: no status effects
A: no striking features
a: no special abilities


You escaped.
You visited 1 branch of the dungeon, and saw 1 of its levels.

You collected 19 gold pieces.

Inventory:

Hand Weapons
 a - a +0 shortbow (weapon)
 d - a +0 dagger
Armour
 c - a +0 leather armour (worn)
Scrolls
 b - a scroll of butterflies


   Skills:
 + Level 2.6 Fighting
 + Level 4.0 Ranged Weapons
 + Level 0.2 Armour
 + Level 1.5 Dodging
 + Level 0.7 Stealth


You had one spell level left.
You didn't know any spells.
Your spell library was empty.

Dungeon Overview and Level Annotations

Branches:
Dungeon (1/15)

Altars:

Shops:
D:1 (


Message History

The giant cockroach barely misses you. x2
You shoot an arrow.
The arrow hits the giant cockroach but does no damage.
The giant cockroach is heavily wounded.
The giant cockroach bites you.
You shoot an arrow. The arrow hits the giant cockroach.
You kill the giant cockroach!
No target in view!
Unknown command.
Unknown command.
Unknown command.
Unknown command.
Saving game... please wait.
Welcome back, wildpjah the Hill Orc Hunter.
Press ? for a list of commands and other information.
Found 5 gold pieces.
A goblin and a bat come into view.
The goblin shouts!
You can't go up here!
You shoot an arrow.
The arrow hits the bat but does no damage.
The bat closely misses you.
You shoot an arrow. The arrow barely misses the bat.
The bat hits you. The bat hits you but does no damage. x2
You shoot an arrow. The arrow hits the bat.
The bat is heavily wounded.
The bat barely misses you.
You shoot an arrow. The arrow barely misses the bat.
The bat closely misses you.
You shoot an arrow. The arrow hits the goblin!
You kill the goblin!
The bat misses you. The bat closely misses you.
You shoot an arrow. The arrow hits the bat.
You kill the bat!
No target in view!
No target in view!
No target in view!
You see here a +0 club.
There is a staircase leading out of the dungeon here.
You have escaped!

###......# ###
##P....P..P.....
##......♣.P..##.###
.P..♣....♣..P.#.#.#
..........♣.P...#.#.#
......P.P....♣..#>#..
....P.....P.P.....#.#.#
♣.P...............#.#.#
...P...@...PP.....#.#.#
.♣..........P.....#.#.##
....P.....P.÷.....#.#.#.
P..♣..P.P..♣P.......$.#.
..P.♣........P....#...#.
#......♣......#...#.....
...........♣.....###.)#.
#.....P....♣............
#......................


There were no monsters in sight!

Vanquished Creatures
  An endoplasm (D:1)
  2 giant cockroaches (D:1)
  2 hobgoblins (D:1)
  A quokka (D:1)
  A ball python (D:1)
  A bat (D:1)
  A frilled lizard (D:1)
  2 goblins (D:1)
  A rat (D:1)
12 creatures vanquished.

Notes
Turn   | Place    | Note
-------+----------+-------------------------------------------
     0 | D:1      | wildpjah the Hill Orc Hunter began the quest for the Orb.
     0 | D:1      | Reached XP level 1. HP: 18/18 MP: 1/1
    59 | D:1      | Found Lelibr Acua's Antique Weapon Shoppe.
   112 | D:1      | Reached XP level 2. HP: 19/25 MP: 2/2
   165 | D:1      | Reached skill level 4 in Ranged Weapons
   246 | D:$      | Got out of the dungeon alive.

Illustrated notes

Levels and vault maps discovered:
D:1:      wander_arrival_fairy_ring, layout_basic, serial_shops,
          nicolae_shop_statue_plus, moated_statue, minmay_tromino_v4_a

Skill      XL: |  1  2 |
---------------+-------+-----
Ranged Weapons | 4 |  4.0
Fighting       | |  2.6
Armour         | |  0.2
Dodging        | |  1.5
Stealth        | |  0.7

Action                     || total
---------------------------++-------
  Melee: Dagger            ||     8
   Fire: Shortbow          ||    31
 Armour: Leather armour    ||    11
  Dodge: Dodged            ||    22

Table legend: (Time is in decaauts)
 A = Elapsed time spent in this place.
 B = Non-inter-level travel time spent in this place.
 C = Inter-level travel time spent in this place.
 D = Time resting spent in this place.
 E = Time spent auto-exploring this place.
 F = Levels seen in this place.
 G = Mean time per level.
                   A        B        C        D        E       F      G
               +--------+--------+--------+--------+--------+-----+--------+
         Total |    252 |    232 |     20 |      0 |    158 |   1 |  252.0 |
       Dungeon |    252 |    232 |     20 |      0 |    158 |   1 |  252.0 |
               +--------+--------+--------+--------+--------+-----+--------+

Top non-repeatable levels by time:
     D:1: 252 daAuts
